 Dungeon Crawl Stone Soup version 0.23-a0-419-g0174fd80c1 (webtiles) character file.

1176 Napalmbreeze the Skirmisher (level 8, -3/71 HPs)
             Began as a Purple Draconian Fighter on Nov 12, 2018.
             Slain by a gnoll
             ... wielding a +0 halberd
              (9 damage)
             ... on level 5 of the Dungeon.
             The game lasted 00:12:21 (5039 turns).

Napalmbreeze the Skirmisher (DrFi)                  Turns: 5039, Time: 00:12:21

Health: -3/71      AC:  8    Str: 21    XL:     8   Next: 18%
Magic:  10/10      EV: 14    Int:  9    God:
Gold:   271        SH:  4    Dex: 10    Spells: 7/7 levels left

rFire    . . .     SeeInvis +   a - +0 flail
rCold    . . .     Gourm    .   g - +0 buckler
rNeg     . . .     Faith    .   (armour unavailable)
rPois    .         Spirit   .   u - +0 hat
rElec    .         Reflect  .   h - +0 cloak
rCorr    .         Harm     .   A - +0 pair of gloves
MR       +....                  (no boots)
Stlth    ..........             j - amulet of magic regeneration
HPRegen  0.21/turn              f - ring of attention (curse)
MPRegen  0.37/turn              o - ring of see invisible

@: no status effects
A: breathe power, unfitting armour, cold-blooded, AC +6
a: Breathe Dispelling Energy


You were on level 5 of the Dungeon.
You were not hungry.

You visited 1 branch of the dungeon, and saw 5 of its levels.

You collected 271 gold pieces.

Inventory:

Hand Weapons
 a - a +0 flail (weapon)
Armour
 b - a +0 shield
 g - a +0 buckler (worn)
 h - a +0 cloak (worn)
 u - a +0 hat (worn)
 A - a +0 pair of gloves (worn)
Jewellery
 f - a cursed ring of attention (left hand)
 j - an amulet of magic regeneration (around neck)
 o - a ring of see invisible (right hand)
 B - an uncursed amulet of rage {unknown}
Wands
 p - a wand of acid (6)
 w - a wand of iceblast (9)
 y - a wand of disintegration (10)
Scrolls
 i - 4 scrolls of teleportation {unknown}
 k - 3 scrolls of remove curse {unknown}
 l - 2 scrolls of immolation {unknown}
 n - a scroll of random uselessness {unknown}
 t - 2 scrolls of identify {unknown}
 v - a scroll of blinking {unknown}
 x - a scroll of enchant armour {unknown}
Potions
 c - a potion of might
 e - 3 potions of heal wounds {unknown}
 m - a potion of agility {unknown}
 q - 2 potions of degeneration {unknown}
 r - a potion of lignification {unknown}
 s - 2 potions of mutation {unknown}
 z - 3 potions of cancellation {unknown}
Comestibles
 d - 7 rations


   Skills:
 + Level 6.4 Fighting
 + Level 5.3 Maces & Flails
 + Level 5.2 Dodging
 - Level 4.1 Shields
 + Level 3.1 Evocations


You had 7 spell levels left.
You didn't know any spells.
Your spell library was empty.

Dungeon Overview and Level Annotations

Branches:
Dungeon (5/15)
 Temple: D:4-7

Altars:
Cheibriados
Elyvilon
Ru
Sif Muna
Trog
Uskayaw
Xom
Zin
The Shining One

Shops:
D:5 =


Innate Abilities, Weirdness & Mutations

You can breathe bolts of dispelling energy.
Your rich purple scales are hard. (AC +6)
You cannot fit into any form of body armour.
You are cold-blooded and may be slowed by cold attacks.


Message History

You closely miss the gnoll.
The gnoll is heavily wounded.
The gnoll closely misses you. The gnoll barely misses you.
You thump the gnoll!
Your tail-slap misses the gnoll.
The gnoll is almost dead.
The gnoll closely misses you. x2
You barely miss the gnoll.
The gnoll is almost dead.
The gnoll barely misses you. x2
You closely miss the gnoll.
The gnoll is almost dead.
The gnoll hits you but does no damage.
The gnoll hits you from afar with a +0 halberd!
* * * LOW HITPOINT WARNING * * *
You hit the gnoll.
You kill the gnoll!
The gnoll hits you from afar with a +0 halberd!
* * * LOW HITPOINT WARNING * * *
The gnoll hits you with a +0 halberd!
You die...

##'#)#### #...# #.......
#...g...# #...# #.......
#.......# #...# #.......
#.......# #...# ##.#....
#...g...# #...# #.#.### #
###.....# #...# #.#.#.. ##_#
##'#### #...# #.#....
8...8###.#######...####.###..
.....##....g@)............<..
....._#.#########.......##...
.....#### ########.....
8...8## #..⌠..# ##_## #......
# ##..... #.P≈≈P #..PP.
##....


You could see a gnoll.

Vanquished Creatures
  Grinder (D:5)
  A water moccasin (D:3)
  A phantom (D:4)
  A centaur (D:5)
  2 scorpions
  A crimson imp (D:5)
  A gnoll shaman (D:5)
  2 jellies (D:5)
  2 bullfrog skeletons
  A centaur skeleton (D:4)
  2 orc wizards
  2 iguanas
  Terence (D:2)
  3 worker ants
  Robin (D:2)
  4 gnolls (D:5)
  7 adders
  An ooze (D:5)
  An adder skeleton (D:4)
  3 dart slugs
  A leopard gecko (D:3)
  8 orcs
  7 giant cockroaches
  11 hobgoblins
  2 quokkas
  11 ball pythons
  6 bats
  4 frilled lizards
  11 goblins
  A jackal skeleton (D:4)
  8 kobolds
  A leopard gecko skeleton (D:4)
  9 rats
118 creatures vanquished.

Notes
Turn   | Place    | Note
-------+----------+-------------------------------------------
     0 | D:1      | Napalmbreeze the Draconian Fighter began the quest for the
                  | Orb.
     0 | D:1      | Reached XP level 1. HP: 19/19 MP: 1/1
   111 | D:1      | Reached XP level 2. HP: 24/26 MP: 2/2
   600 | D:2      | Reached XP level 3. HP: 23/33 MP: 3/3
   739 | D:2      | Noticed Terence
   755 | D:2      | Killed Terence
   939 | D:2      | Found a white marble altar of Elyvilon.
   944 | D:2      | Noticed Robin
   974 | D:2      | Killed Robin
   974 | D:2      | Reached XP level 4. HP: 35/40 MP: 4/4
  1218 | D:2      | Reached skill level 4 in Fighting
  1245 | D:2      | Found a sacrificial altar of Ru.
  1386 | D:2      | Found a faded altar of an unknown god.
  1526 | D:3      | Found a snail-covered altar of Cheibriados.
  1738 | D:3      | Reached XP level 5. HP: 23/46 MP: 5/5
  1906 | D:3      | Noticed a water moccasin
  1941 | D:3      | Killed a water moccasin
  2521 | D:3      | Reached XP level 6. HP: 53/53 MP: 6/6
  2531 | D:3      | Found a bloodstained altar of Trog.
  2920 | D:4      | Reached skill level 5 in Fighting
  2935 | D:4      | Noticed a dagger
  2935 | D:4      | Noticed a dagger
  2937 | D:4      | Found a hide-covered altar of Uskayaw.
  3180 | D:4      | Your scales start taking on a rich purple colour.
  3180 | D:4      | Reached XP level 7. HP: 59/61 MP: 7/7
  3726 | D:5      | Entered Level 5 of the Dungeon
  3728 | D:5      | Noticed Grinder
  3742 | D:5      | Killed Grinder
  3742 | D:5      | Reached skill level 1 in Evocations
  3791 | D:5      | Reached skill level 6 in Fighting
  3791 | D:5      | Reached skill level 5 in Maces & Flails
  3996 | D:5      | Reached skill level 5 in Dodging
  4025 | D:5      | Found Simumug's Jewellery Emporium.
  4124 | D:5      | Reached XP level 8. HP: 24/70 MP: 8/10
  4879 | D:5      | Found a glowing golden altar of the Shining One.
  4954 | D:5      | Found a deep blue altar of Sif Muna.
  4957 | D:5      | Found a shimmering altar of Xom.
  4959 | D:5      | Found a glowing silver altar of Zin.
  5039 | D:5      | Slain by a gnoll

Vault maps used:
D:1:      lightli_arrival_isolated_outpost, palyth_stone_intersect
D:2:      elyvilon_altar_3, nicolae_ru_awakened_eye,
          chequers_ecumenical_altar_simple, first_ration, uniq_robin,
          uniq_terence
D:3:      overflow_temple_1_default, trog_book
D:4:      dancing_weapons_uskayaw, minmay_snake_closets
D:5:      tso_oasis_becter, fedhas_altar_2, nicolae_overflow_hidden_temple,
          serial_shops, nicolae_shop_waterfront, uniq_eustachio, uniq_duvessa,
          uniq_grinder

Skill      XL: |  1  2  3  4  5  6  7  8 |
---------------+-------------------------+-----
Dodging        | 3 4 5 |  5.2
Fighting       | 4 5 6 |  6.4
Maces & Flails | 3 4 5 |  5.3
Shields        | 4 |  4.1
Evocations     | 2 3 |  3.1

Action                   |  1- 3 |  4- 6 |  7- 9 || total
-------------------------+-------+-------+-------++-------
Melee: Flail             |   101 |   184 |   166 ||   451
       Tailslap          |    13 |    23 |    18 ||    54
 Abil: Breathe Dispellin |       |       |     2 ||     2
  Eat: Chunk             |       |     7 |     5 ||    12
       Ration            |       |       |     1 ||     1
Armor: Skin              |    34 |    51 |    39 ||   124
Dodge: Dodged            |    65 |    98 |   119 ||   282
Block: Shield            |    40 |       |       ||    40
       Buckler           |     6 |    43 |    43 ||    92

Table legend:
 A = Non-vault XP
 B = Vault XP
 C = Vault XP percentage of total XP
 D = Non-vault monster count
 E = Vault monster count
 F = Vault count percentage of total count
                 A         B        C        D         E       F
            +---------+---------+-------+---------+---------+-------
      Total |    1300 |     381 |  22.7 |      93 |      25 |  21.2
            +---------+---------+-------+---------+---------+-------
        D:1 |      35 |       0 |   0.0 |      23 |       0 |   0.0
        D:2 |      42 |      68 |  61.8 |      11 |      13 |  54.2
        D:3 |     272 |       0 |   0.0 |      24 |       0 |   0.0
        D:4 |     399 |      51 |  11.3 |      17 |      11 |  39.3
        D:5 |     552 |     262 |  32.2 |      18 |       1 |   5.3
            +---------+---------+-------+---------+---------+-------
